 Dungeon Crawl Stone Soup version 0.21-a0-404-g291f19a (webtiles) character file.

30 tof the Twirler (level 3, -2/22 HPs)
             Began as a Gargoyle Gladiator on Oct 28, 2017.
             Slain by an iguana (3 damage)
             ... on level 2 of the Dungeon.
             The game lasted 00:00:54 (776 turns).

tof the Twirler (Gargoyle Gladiator)                 Turns: 776, Time: 00:00:55

Health: -2/22      AC:  7    Str: 17    XL:     3   Next: 18%
Magic:  3/3        EV: 12    Int:  8    God:
Gold:   63         SH:  0    Dex: 12    Spells: 2/2 levels left

rFire    . . .     SeeInvis .   a - +0 quarterstaff
rCold    . . .     Gourm    .   (shield currently unavailable)
rNeg     + . .     Faith    .   b - +0 leather armour
rPois    ∞         Spirit   .   c - +0 helmet
rElec    +         Reflect  .   (no cloak)
rCorr    .         Harm     .   (no gloves)
MR       .....                  (no boots)
Stlth    +.........             (no amulet)
HPRegen  0.07/turn              (no ring)
MPRegen  0.08/turn              (no ring)

@: no status effects
A: negative energy resistance 1, electricity resistance, unbreathing,
petrification resistance, rot immunity, AC +3
a: no special abilities


You were on level 2 of the Dungeon.
You were not hungry.

You visited 1 branch of the dungeon, and saw 2 of its levels.

You collected 63 gold pieces.

Inventory:

Hand Weapons
 a - a +0 quarterstaff (weapon)
Missiles
 d - 3 throwing nets (quivered)
Armour
 b - a +0 leather armour (worn)
 c - a +0 helmet (worn)
Jewellery
 h - an uncursed ring of ice {unknown}
Scrolls
 e - a scroll of identify {unknown}
 g - a scroll of fear {unknown}
 j - a scroll of recharging {unknown}
 k - a scroll of enchant armour {unknown}
 l - a scroll of fog {unknown}
Potions
 i - a potion of haste {unknown}
 m - a potion of resistance {unknown}
 o - a potion of cancellation {unknown}
Comestibles
 f - a bread ration
 n - a meat ration


   Skills:
 + Level 2.5 Fighting
 * Level 3.3 Staves
 + Level 1.9 Throwing
 * Level 1.7 Armour
 + Level 2.5 Dodging


You had 2 spell levels left.
You didn't know any spells.

Dungeon Overview and Level Annotations

Branches:
Dungeon (2/15)

Altars:


Innate Abilities, Weirdness & Mutations

You are resistant to torment.
Your stone body is resilient. (AC +3)
You are immune to poison.
You resist negative energy. (rN+)
You are resistant to electric shocks. (rElec)
You can survive without breathing.
You are immune to petrification.
You are immune to rotting.


Message History

An iguana is nearby!
You are too injured to fight recklessly!
You hit the iguana.
The iguana is heavily wounded.
The iguana closely misses you.
You hit the iguana but do no damage.
The iguana is heavily wounded.
The iguana misses you.
You sock the iguana!
The iguana is almost dead.
The iguana bites you!
Ouch! That really hurt!
* * * LOW HITPOINT WARNING * * *
You closely miss the iguana.
The iguana is almost dead.
The iguana barely misses you.
You hit the iguana but do no damage.
The iguana is almost dead.
The iguana bites you.
You die...

#. #....#####.
##.########....#.....
#........†.......###.
#........#.........
#..........###.####
#........####..#
#........# #.##
#........# ##.# ###
#.@......###..#....
#l..............#
..........###.####
............###.##
#....####.###......#
#.... #.#
#####..##### #... #.#
##........ ....
#.#####..#######
###.......##


You could see an iguana.

Vanquished Creatures
  A giant cockroach (D:1)
  5 goblins
  A hobgoblin (D:1)
  6 jackals (D:1)
  A quokka (D:2)
  3 bats
  4 frilled lizards
  4 kobolds (D:1)
  3 rats
28 creatures vanquished.

Notes
Turn   | Place    | Note
-------+----------+-------------------------------------------
     0 | D:1      | tof the Gargoyle Gladiator began the quest for the Orb.
     0 | D:1      | Reached XP level 1. HP: 12/12 MP: 1/1
    78 | D:1      | Reached XP level 2. HP: 17/17 MP: 2/2
   109 | D:1      | Reached skill level 1 in Armour
   526 | D:1      | Reached XP level 3. HP: 22/22 MP: 3/3
   774 | D:2      | HP: 1/22 [iguana (11)]
   776 | D:2      | Slain by an iguana

Vault maps used:
D:1:      minmay_arrival_radiant_lines
D:2:      uniq_robin

Skill      XL: |  1  2 |
---------------+-------+-----
Armour         | 1 |  1.7
Fighting       | |  2.5
Staves         | |  3.3
Throwing       | |  1.9
Dodging        | |  2.5

Action                   || total
-------------------------++-------
Melee: Quarterstaff      ||    73
Armor: Leather armour    ||    21
Dodge: Dodged            ||    69

Table legend:
 A = Spawn XP
 B = Non-spawn XP
 C = Spawn XP percentage of total XP
 D = Spawn monster count
 E = Non-spawn monster count
 F = Spawn count percentage of total count
 G = Total turns spent on level
                    A         B        C        D         E        F      G
               +---------+---------+-------+---------+---------+-------+---------
         Total |       0 |      43 |   0.0 |       0 |      28 |   0.0 |   776
               +---------+---------+-------+---------+---------+-------+---------
           D:1 |       0 |      34 |   0.0 |       0 |      22 |   0.0 |   706
           D:2 |       0 |       9 |   0.0 |       0 |       6 |   0.0 |    70
               +---------+---------+-------+---------+---------+-------+---------
